3A
GRAND FORKS CATERPILLARS @ ATHLETIC CLUB KC U-24
08/29/2037
 
TOP OF THE 1ST
Grand Forks Caterpillars batting - Pitching for Athletic Club KC U-24 : RHP José Valle
Pitching: RHP José Valle
Batting: SHB Momoru Kichida 0-0: Ball
1-0: DOUBLE (Flyball, 8LD, EV 90.6 MPH)
Batting: RHB Qi-chao Di 0-0: Called Strike
0-1: Ball
1-1: Ball
2-1: Foul Ball, location: 2F
2-2: Ball
3-2: Base on Balls
Batting: SHB Charles Geudre 0-0: Ball
1-0: Foul Ball, location: 2F
1-1: Ball
2-1: Ball
Wild Pitch!
Momoru Kichida to third
Qi-chao Di to second
3-1: Foul Ball, location: 2F
3-2: SINGLE (Flyball, 7LS, EV 91.2 MPH)
Momoru Kichida scores
Qi-chao Di to third
Runner from 3rd tries for Home, SAFE, throw by LF to home
Charles Geudre to second
Batting: LHB Norbert Ingalsbe 0-0: Called Strike
0-1: Fly out, F2 (Popup, 15S, EV 82.5 MPH)
Batting: LHB Jeet Kandathil 0-0: Called Strike
0-1: Foul Ball, location: 2F
0-2: Ball
1-2: Ball
2-2: Foul Ball, location: 2F
2-2: Ball
3-2: Fly out, F8 (Flyball, 8LS, EV 86.2 MPH)
Batting: RHB Shao Qigang 0-0: 2-RUN HOME RUN (Flyball, 7D, EV 98.8 MPH), Distance : 381 ft
Batting: LHB Gabriel Muñóz 0-0: Ball
1-0: Ball
2-0: Fly out, F8 (Flyball, 8LM, EV 88.1 MPH)
Top of the 1st over - 4 runs, 3 hits, 0 errors, 0 left on base; Grand Forks 4 - Athletic Club KC 0
BOTTOM OF THE 1ST
Athletic Club KC U-24 batting - Pitching for Grand Forks Caterpillars : RHP Juan Capmany
Pitching: RHP Juan Capmany
Batting: RHB Michael Bridges 0-0: Ground out 5-3 (Groundball, 56, EV 88.8 MPH)
Batting: LHB Bruce Simpson 0-0: Ball
1-0: Ball
2-0: Swinging Strike
2-1: Swinging Strike
2-2: Foul Ball, location: 2F
2-2: Foul Ball, location: 2F
2-2: Ball
3-2: Base on Balls
Batting: RHB Quinn Albracht 0-0: Called Strike
0-1: Ball
1-1: Foul Ball, location: 9LSF, Error on foul ball, E9
1-2: Fly out, F8 (Flyball, 89S, EV 75.0 MPH)
Batting: LHB Ronnie Boehmer 0-0: Ball
1-0: Ball
2-0: Swinging Strike
2-1: Ball
3-1: Base on Balls
Bruce Simpson to second
Batting: RHB Marcos Quintana 0-0: Ball
1-0: Fielders Choice at 2nd, 6-4 (Groundball, 6, EV 79.4 MPH)
Bottom of the 1st over - 0 runs, 0 hits, 1 error, 2 left on base; Grand Forks 4 - Athletic Club KC 0
TOP OF THE 2ND
Grand Forks Caterpillars batting - Pitching for Athletic Club KC U-24 : RHP José Valle
Batting: RHB Eugene Bradley 0-0: Called Strike
0-1: Ball
1-1: Swinging Strike
1-2: Strikes out looking
Batting: RHB Tzu-yu Yang 0-0: Ball
1-0: Called Strike
1-1: Swinging Strike
1-2: Strikes out swinging
Batting: SHB Momoru Kichida 0-0: Ball
1-0: Swinging Strike
1-1: Swinging Strike
1-2: Ball
2-2: Strikes out swinging
Top of the 2nd over - 0 runs, 0 hits, 0 errors, 0 left on base; Grand Forks 4 - Athletic Club KC 0
BOTTOM OF THE 2ND
Athletic Club KC U-24 batting - Pitching for Grand Forks Caterpillars : RHP Juan Capmany
Batting: RHB Kalikiano Keiki 0-0: Foul Ball, location: 2F
0-1: Ball
1-1: Swinging Strike
1-2: Ground out 5-3 (Groundball, 5S, EV 90.0 MPH)
Batting: RHB Long Yimu 0-0: Called Strike
0-1: Swinging Strike
0-2: Ball
1-2: Foul Ball, location: 2F
1-2: Ball
2-2: Foul Ball, location: 2F
2-2: Strikes out looking
Batting: RHB Luis Santana 0-0: Ball
1-0: Called Strike
1-1: Foul Ball, location: 2F
1-2: Ground out 5-3 (Groundball, 5S, EV 68.1 MPH)
Bottom of the 2nd over - 0 runs, 0 hits, 0 errors, 0 left on base; Grand Forks 4 - Athletic Club KC 0
TOP OF THE 3RD
Grand Forks Caterpillars batting - Pitching for Athletic Club KC U-24 : RHP José Valle
Batting: RHB Qi-chao Di 0-0: Ball
1-0: Fly out, F7 (Flyball, 7LS, EV 86.9 MPH)
Batting: SHB Charles Geudre 0-0: Ball
1-0: SINGLE (Groundball, 6MD, EV 107.5 MPH)
Batting: LHB Norbert Ingalsbe 0-0: Ball
1-0: Ball
2-0: Foul Ball, location: 2F
2-1: Called Strike
2-2: Ball
3-2: Strikes out swinging
Batting: LHB Jeet Kandathil 0-0: Called Strike
0-1: Ball
1-1: Swinging Strike
1-2: Strikes out swinging
Top of the 3rd over - 0 runs, 1 hit, 0 errors, 1 left on base; Grand Forks 4 - Athletic Club KC 0
BOTTOM OF THE 3RD
Athletic Club KC U-24 batting - Pitching for Grand Forks Caterpillars : RHP Juan Capmany
Batting: RHB Jimmy Chandler 0-0: Called Strike
0-1: Ball
1-1: Foul Ball, location: 2F
1-2: Strikes out swinging
Batting: RHB Michael Bridges 0-0: Foul Ball, location: 2F
0-1: Foul Ball, location: 2F
0-2: Fly out, F8 (Flyball, 8RS, EV 95.0 MPH)
Batting: LHB Bruce Simpson 0-0: Swinging Strike
0-1: SINGLE (Line Drive, 4MD, EV 101.9 MPH)
Batting: RHB Quinn Albracht 0-0: Called Strike
0-1: Ball
1-1: Ball
2-1: Swinging Strike
2-2: Foul Ball, location: 2F
2-2: Foul Ball, location: 2F
2-2: Foul Ball, location: 2F
2-2: Strikes out looking
Bottom of the 3rd over - 0 runs, 1 hit, 0 errors, 1 left on base; Grand Forks 4 - Athletic Club KC 0
TOP OF THE 4TH
Grand Forks Caterpillars batting - Pitching for Athletic Club KC U-24 : RHP José Valle
Batting: RHB Shao Qigang 0-0: Ball
1-0: Ball
2-0: Foul Ball, location: 2F
2-1: Ground out 1-3 (Groundball, 34S, EV 73.1 MPH)
Batting: LHB Gabriel Muñóz 0-0: Foul Ball, location: 2F
0-1: Ball
1-1: Called Strike
1-2: Ball
2-2: Strikes out swinging
Batting: RHB Eugene Bradley 0-0: Called Strike
0-1: Called Strike
0-2: Ball
1-2: Strikes out swinging
Top of the 4th over - 0 runs, 0 hits, 0 errors, 0 left on base; Grand Forks 4 - Athletic Club KC 0
BOTTOM OF THE 4TH
Athletic Club KC U-24 batting - Pitching for Grand Forks Caterpillars : RHP Juan Capmany
Batting: LHB Ronnie Boehmer 0-0: Ball
1-0: Called Strike
1-1: Ball
2-1: Foul Ball, location: 2F
2-2: Foul Ball, location: 2F
2-2: Foul Ball, location: 2F
2-2: Foul Ball, location: 2F
2-2: Ball
3-2: Base on Balls
Batting: RHB Marcos Quintana 0-0: Ball
1-0: SINGLE (Line Drive, 9S, EV 98.8 MPH)
Ronnie Boehmer to second
Batting: RHB Kalikiano Keiki 0-0: Ball
1-0: Ball
2-0: Called Strike
2-1: Ball
3-1: Called Strike
3-2: Grounds into double play, 6-4-3 (Groundball, 6, EV 103.1 MPH)
Ronnie Boehmer to third
Batting: RHB Long Yimu 0-0: Ball
1-0: Called Strike
1-1: Swinging Strike
1-2: Strikes out swinging
Bottom of the 4th over - 0 runs, 1 hit, 0 errors, 1 left on base; Grand Forks 4 - Athletic Club KC 0
TOP OF THE 5TH
Grand Forks Caterpillars batting - Pitching for Athletic Club KC U-24 : RHP José Valle
Batting: RHB Tzu-yu Yang 0-0: Fly out, F8 (Flyball, 89D, EV 101.2 MPH)
Batting: SHB Momoru Kichida 0-0: Ground out 5-3 (Groundball, 56S, EV 68.1 MPH)
Batting: RHB Qi-chao Di 0-0: Ball
1-0: Foul Ball, location: 2F
1-1: Called Strike
1-2: Strikes out swinging
Top of the 5th over - 0 runs, 0 hits, 0 errors, 0 left on base; Grand Forks 4 - Athletic Club KC 0
BOTTOM OF THE 5TH
Athletic Club KC U-24 batting - Pitching for Grand Forks Caterpillars : RHP Juan Capmany
Batting: RHB Luis Santana 0-0: Ball
1-0: Ground out 4-3 (Groundball, 4M, EV 107.5 MPH)
Batting: RHB Jimmy Chandler 0-0: Ball
1-0: Ball
2-0: Ball
3-0: Base on Balls
Batting: RHB Michael Bridges 0-0: Ball
Wild Pitch!
Jimmy Chandler to second
1-0: SINGLE (Groundball, 34D, EV 105.0 MPH)
Jimmy Chandler to third
Runner from 3rd tries for Home, SAFE, throw by RF to home
Pitching: RHP Takuro Soma
Batting: LHB Bruce Simpson 0-0: Ball
1-0: Fly out, F7 (Line Drive, 7, EV 106.9 MPH)
Batting: RHB Quinn Albracht 0-0: Called Strike
0-1: Ball
1-1: Fly out, F3 (Popup, 3F, EV 72.5 MPH)
Bottom of the 5th over - 1 run, 1 hit, 0 errors, 1 left on base; Grand Forks 4 - Athletic Club KC 1
TOP OF THE 6TH
Grand Forks Caterpillars batting - Pitching for Athletic Club KC U-24 : RHP José Valle
Batting: SHB Charles Geudre 0-0: DOUBLE (Line Drive, 89D, EV 101.9 MPH)
Batting: LHB Norbert Ingalsbe 0-0: Swinging Strike
0-1: Ball
1-1: 2-RUN HOME RUN (Flyball, 78XD, EV 110.6 MPH), Distance : 433 ft
Pitching: RHP Jack Spak
Batting: LHB Jeet Kandathil 0-0: Called Strike
0-1: Ball
1-1: Foul Ball, location: 2F
1-2: Foul Ball, location: 2F
1-2: Ball
2-2: Strikes out looking
Batting: RHB Shao Qigang 0-0: Ball
1-0: Called Strike
1-1: Swinging Strike
1-2: Strikes out looking
Batting: LHB Gabriel Muñóz 0-0: Ball
1-0: Fly out, F3 (Popup, 3SF, EV 80.6 MPH)
Top of the 6th over - 2 runs, 2 hits, 0 errors, 0 left on base; Grand Forks 6 - Athletic Club KC 1
BOTTOM OF THE 6TH
Athletic Club KC U-24 batting - Pitching for Grand Forks Caterpillars : RHP Takuro Soma
Batting: LHB Ronnie Boehmer 0-0: Ball
1-0: SOLO HOME RUN (Flyball, 89XD, EV 97.5 MPH), Distance : 422 ft
Batting: RHB Marcos Quintana 0-0: Ball
1-0: Ball
2-0: Ground out 6-3 (Groundball, 6, EV 88.1 MPH)
Batting: RHB Kalikiano Keiki 0-0: Called Strike
0-1: Swinging Strike
0-2: Ball
1-2: Strikes out looking
Batting: RHB Long Yimu 0-0: Swinging Strike
0-1: Foul Ball, location: 2F
0-2: Ball
1-2: SINGLE (Flyball, 78S, EV 91.9 MPH)
Batting: RHB Luis Santana 0-0: Called Strike
0-1: Foul Ball, location: 2F
0-2: Ball
1-2: Strikes out swinging
Bottom of the 6th over - 1 run, 2 hits, 0 errors, 1 left on base; Grand Forks 6 - Athletic Club KC 2
TOP OF THE 7TH
Grand Forks Caterpillars batting - Pitching for Athletic Club KC U-24 : RHP Jack Spak
Batting: RHB Eugene Bradley 0-0: Ball
1-0: Called Strike
1-1: Foul Ball, location: 2F
1-2: Ball
2-2: Ball
3-2: Strikes out looking
Batting: RHB Tzu-yu Yang 0-0: Called Strike
0-1: Ball
1-1: Ball
2-1: Swinging Strike
2-2: Strikes out swinging
Batting: SHB Momoru Kichida 0-0: Called Strike
0-1: SINGLE (Groundball, 4D, EV 101.9 MPH)
Batting: RHB Qi-chao Di 0-0: Foul Ball, location: 2F
0-1: Ball
1-1: Fly out, F8 (Flyball, 78M, EV 92.5 MPH)
Top of the 7th over - 0 runs, 1 hit, 0 errors, 1 left on base; Grand Forks 6 - Athletic Club KC 2
BOTTOM OF THE 7TH
Athletic Club KC U-24 batting - Pitching for Grand Forks Caterpillars : RHP Takuro Soma
Batting: RHB Jimmy Chandler 0-0: Ball
1-0: Foul Ball, location: 2F
1-1: Foul Ball, location: 2F
1-2: Strikes out swinging
Batting: RHB Michael Bridges 0-0: Ball
1-0: Ball
2-0: Swinging Strike
2-1: Called Strike
2-2: Foul Ball, location: 2F
2-2: Foul Ball, location: 2F
2-2: Strikes out swinging
Batting: LHB Bruce Simpson 0-0: Swinging Strike
0-1: Fly out, F8 (Flyball, 8RM, EV 81.9 MPH)
Bottom of the 7th over - 0 runs, 0 hits, 0 errors, 0 left on base; Grand Forks 6 - Athletic Club KC 2
TOP OF THE 8TH
Grand Forks Caterpillars batting - Pitching for Athletic Club KC U-24 : RHP Jack Spak
Batting: SHB Charles Geudre 0-0: Called Strike
0-1: Foul Ball, location: 2F
0-2: Foul Ball, location: 2F
0-2: Foul Ball, location: 2F
0-2: TRIPLE (Line Drive, 89XD, EV 95.6 MPH)
Batting: LHB Norbert Ingalsbe 0-0: Ball
1-0: Called Strike
1-1: Called Strike
1-2: Strikes out looking
Batting: LHB Jeet Kandathil 0-0: Fly out, F8 (Flyball, 8LD, EV 85.0 MPH)
Runner from 3rd tags up, SCORES, throw by CF
Batting: RHB Shao Qigang 0-0: Foul Ball, location: 2F
0-1: Ball
1-1: Ball
2-1: Ball
3-1: Base on Balls
Batting: LHB Gabriel Muñóz 0-0: Foul Ball, location: 2F
0-1: Foul Ball, location: 2F
0-2: Ball
1-2: Foul Ball, location: 2F
1-2: Ball
2-2: Foul Ball, location: 2F
2-2: Ball
3-2: Foul Ball, location: 2F
3-2: SINGLE (Groundball, 5S, EV 64.4 MPH) (infield hit)
Shao Qigang to second
Pitching: RHP Chris Jordan
Batting: RHB Eugene Bradley 0-0: Called Strike
0-1: Foul Ball, location: 2F
0-2: Ball
1-2: Strikes out swinging
Top of the 8th over - 1 run, 2 hits, 0 errors, 2 left on base; Grand Forks 7 - Athletic Club KC 2
BOTTOM OF THE 8TH
Athletic Club KC U-24 batting - Pitching for Grand Forks Caterpillars : RHP Takuro Soma
Batting: RHB Quinn Albracht 0-0: Ball
1-0: Called Strike
1-1: Ball
2-1: SINGLE (Groundball, 56D, EV 98.8 MPH)
Batting: LHB Ronnie Boehmer 0-0: Ball
1-0: Called Strike
1-1: Swinging Strike
1-2: Ball
2-2: Ball
3-2: SINGLE (Groundball, 34D, EV 93.8 MPH)
Quinn Albracht to second
Runner from 2nd tries for 3rd, SAFE, throw by RF made to third
Batting: RHB Marcos Quintana 0-0: Called Strike
0-1: Ball
1-1: Fielders Choice at 2nd, 4-6 (Groundball, 34, EV 108.8 MPH)
Quinn Albracht scores
Pitching: RHP Franck Perrault
Batting: RHB Kalikiano Keiki 0-0: Called Strike
0-1: Ball
1-1: Swinging Strike
1-2: Foul Ball, location: 2F
1-2: Ball
2-2: Ball
3-2: Base on Balls
Marcos Quintana to second
Batting: RHB Long Yimu 0-0: Ball
1-0: Ball
2-0: Swinging Strike
2-1: Foul Ball, location: 2F
2-2: Strikes out swinging
Batting: RHB Luis Santana 0-0: Called Strike
0-1: Ball
1-1: Swinging Strike
1-2: Foul Ball, location: 2F
1-2: Foul Ball, location: 2F
1-2: Ball
2-2: Fielders Choice at 2nd, 6-4 (Groundball, 6, EV 93.1 MPH)
Bottom of the 8th over - 1 run, 2 hits, 0 errors, 2 left on base; Grand Forks 7 - Athletic Club KC 3
TOP OF THE 9TH
Grand Forks Caterpillars batting - Pitching for Athletic Club KC U-24 : RHP Chris Jordan
Pitching: RHP Clancy Daly
Batting: RHB Tzu-yu Yang 0-0: Ball
1-0: SINGLE (Groundball, 4MD, EV 96.2 MPH)
Batting: SHB Momoru Kichida 0-0: Ball
1-0: Bunted foul
1-1: Bunted foul
1-2: Fielders Choice at 2nd, 4-6 (Groundball, 4, EV 110.0 MPH)
Batting: RHB Qi-chao Di 0-0: Ball
1-0: Foul Ball, location: 2F
1-1: Ball
2-1: Called Strike
2-2: SINGLE (Line Drive, 7S, EV 101.2 MPH)
Momoru Kichida to second
Batting: SHB Charles Geudre 0-0: Called Strike
0-1: Fly out, F9 (Flyball, 9LM, EV 89.4 MPH)
Batting: LHB Norbert Ingalsbe 0-0: Called Strike
0-1: Ball
1-1: Fly out, F8 (Flyball, 8RM, EV 99.4 MPH)
Top of the 9th over - 0 runs, 2 hits, 0 errors, 2 left on base; Grand Forks 7 - Athletic Club KC 3
BOTTOM OF THE 9TH
Athletic Club KC U-24 batting - Pitching for Grand Forks Caterpillars : RHP Franck Perrault
Pitching: LHP Brian Holman
Batting: RHB Jimmy Chandler 0-0: Fly out, F8 (Flyball, 89D, EV 100.0 MPH)
Batting: RHB Michael Bridges 0-0: Ball
1-0: Swinging Strike
1-1: Foul Ball, location: 2F
1-2: Ball
2-2: Strikes out swinging
Batting: LHB Bruce Simpson 0-0: Ball
1-0: Ground out U3 (Groundball, 34, EV 78.8 MPH)
Bottom of the 9th over - 0 runs, 0 hits, 0 errors, 0 left on base; Grand Forks 7 - Athletic Club KC 3
Thursday, January 23rd, 2020 - OOTP Baseball 20.8 Build 74